 Dungeon Crawl Stone Soup version 0.30-a0-808-g6e0788376e (webtiles) character file.

Game seed: 7375238124401369030

1490 arthad the Summoner (level 8, -9/36 HPs)
             Began as a Felid Summoner on Feb 26, 2023.
             Shot with an arrow by a centaur warrior (22 damage)
             ... on level 10 of the Dungeon.
             The game lasted 00:32:44 (9128 turns).

arthad the Summoner (Felid Summoner)                Turns: 9128, Time: 00:32:45

Health: -9/36      AC:  2    Str:  4    XL:     8   Next: 51%
Magic:  7/17       EV: 20    Int: 26    God:
Gold:   377        SH:  0    Dex: 17    Spells: 5/18 levels left
                                        Lives:  0   Deaths: 2

rFire   . . .      SeeInvis +      - Unarmed
rCold   . . .      Faith    .    (shield unavailable)
rNeg    . . .      Spirit   .    (body armour unavailable)
rPois   .          Reflect  .    (helmet unavailable)
rElec   .          Harm     .    (cloak unavailable)
rCorr   .          Rampage  .    (gloves unavailable)
Will    +....                    (boots unavailable)
Stlth   ++                       k - amulet of the acrobat
HPRegen 0.26/turn                o - +6 ring of intelligence
MPRegen 0.15/turn                (no ring)

@: quick
A: very small, claws 1, fangs 3, see invisible, speed 1, shaggy fur 2, stealthy
paws, no weapons or thrown items, no armour, multi-lived
a: no special abilities


You were on level 10 of the Dungeon.
You visited 2 branches of the dungeon, and saw 9 of its levels.

You collected 377 gold pieces.

Inventory:

Jewellery
 k - an amulet of the acrobat (around neck)
 o - a +6 ring of intelligence (left paw)
Wands
 s - a wand of charming (21)
 u - a wand of flame (15)
 w - a wand of mindburst (11)
 y - a wand of iceblast (8)
Scrolls
 c - a scroll of blinking {unknown}
 d - a scroll of noise
 e - 6 scrolls of teleportation {unknown}
 f - a scroll of poison {unknown}
 g - 5 scrolls of vulnerability {unknown}
 i - 2 scrolls of acquirement {unknown}
 j - 3 scrolls of fog {unknown}
 m - 2 scrolls of magic mapping {unknown}
 q - 3 scrolls of amnesia {unknown}
 t - 2 scrolls of enchant weapon {unknown}
 x - a scroll of enchant armour {unknown}
Potions
 a - 2 potions of magic
 b - a potion of ambrosia
 h - 3 potions of lignification
 l - 4 potions of curing
 n - 3 potions of invisibility
 p - a potion of resistance
 r - a potion of mutation
 v - 2 potions of heal wounds


   Skills:
 + Level 3.8 Fighting
 + Level 6.1 Dodging
 - Level 2.6 Stealth
 + Level 3.9 Unarmed Combat
 * Level 5.6 Spellcasting
 - Level 5.0 Hexes
 * Level 8.2 Summonings
 + Level 2.3 Necromancy
 * Level 5.1 Air Magic


You had 5 spell levels left.
You knew the following spells:

 Your Spells              Type           Power      Damage    Failure   Level
a - Summon Small Mammal   Summ           100%       N/A       1%          1
b - Call Imp              Summ           50%        N/A       1%          2
c - Call Canine Familiar  Summ           50%        N/A       1%          3
d - Summon Guardian Gole  Hex/Summ       41%        N/A       1%          3
e - Summon Lightning Spi  Summ/Air       41%        N/A       4%          4

Your spell library contained the following spells:

 Spells                   Type           Power      Damage    Failure   Level
 Poisonous Vapours        Pois/Air       40%        N/A       3%          2
 Ensorcelled Hibernation  Hex/Ice        40%        N/A       4%          2
 Freeze                   Ice            28%        1d5       8%          1
 Sandblast                Erth           14%        2d6       8%          1
 Sting                    Tmut/Pois      28%        1d4       8%          1
 Inner Flame              Hex/Fire       20%        N/A       8%          3
 Cause Fear               Hex            16%        N/A       10%         4
 Passwall                 Tmut/Erth      5%         N/A       11%         2
 Anguish                  Hex/Necr       13%        N/A       16%         4
 Frozen Ramparts          Ice            14%        1d3       22%         3
 Hailstorm                Conj/Ice       7%         3d4       22%         3
 Spider Form              Tmut/Pois      7%         N/A       22%         3
 Stone Arrow              Conj/Erth      14%        3d7       22%         3
 Olgreb's Toxic Radiance  Pois           7%         N/A       58%         4
 Discord                  Hex            16%        N/A       100%        8


Dungeon Overview and Level Annotations

Branches:
Dungeon (7/15)             Temple (1/1) D:5

Altars:
Cheibriados
Dithmenos
Fedhas
Hepliaklqana
Kikubaaqudgha
Makhleb
Nemelex Xobeh
Ru
Sif Muna
Trog
Uskayaw
Xom
Yredelemnul
Zin
The Shining One

Shops:
D:1 ?


Innate Abilities, Weirdness & Mutations

You have sharp claws.
You have razor-sharp teeth.
You have supernaturally acute eyesight. (SInv)
You cover ground quickly. (Speed+)
You are covered in thick fur. (AC +2)
Your paws help you pounce on unaware monsters.
You are incapable of wielding weapons or throwing items.
You cannot wear armour.
You gain extra lives every three experience levels.


Message History

Your wolf bites the vampire!
The vampire is destroyed!
As you read the scroll of identify, it crumbles to dust.
b - a potion of ambrosia Your wolf scratches at a flea.
Your guardian golem disappears in a puff of smoke!
Magic restored.
y - a wand of iceblast (8)
Found a sling.
You open the door.
A centaur warrior comes into view.
A centaur warrior is nearby!
A centaur warrior is nearby!
The centaur warrior shouts!
You hear a shout!
The centaur warrior disappears!
The manticore disappears!
You see here a +0 sling.
The centaur warrior wields a +0 shortbow.
The centaur warrior shoots an arrow.
The arrow hits you!!
Ouch! That really hurt!
You swap places.
Casting: Summon Guardian Golem (safe; 1% risk of failure)
Confirm with . or Enter, or press ? or * to list all spells.
A guardian golem appears, shielding your allies.
The centaur warrior shoots an arrow.
The arrow hits your guardian golem!!
The centaur warrior shoots an arrow.
The arrow closely misses your wolf. The arrow hits your guardian golem!!
Your guardian golem is destroyed!
Your guardian golem disappears in a puff of smoke!
Casting: Summon Guardian Golem (safe; 1% risk of failure)
Confirm with . or Enter, or press ? or * to list all spells.
A guardian golem appears, shielding your allies.
Casting: Summon Guardian Golem (safe; 1% risk of failure)
Confirm with . or Enter, or press ? or * to list all spells.
An electric hum fills the air.
Your wolf bites the centaur warrior.
The centaur warrior shoots an arrow.
The arrow hits your lightning spire!
Your wolf bites the centaur warrior.
The centaur warrior shoots an arrow.
The arrow barely misses your lightning spire.
The arrow hits you!!
Ouch! That really hurt!
You die...

....#.#########.##
....#.#$+^....'..#
....#.#########..#
#####...# ^^ #..#
###.# #Z #.)#
..#######..#
..........9#
########.# #@# #.#
.......8.#
.........#
.........#
.....h...#
.....c...#
#####.#### #.


You could see a centaur warrior (ally target), a friendly guardian golem
(summoned), a friendly wolf (summoned, sheltered) and a friendly lightning spire
(summoned).

Vanquished Creatures
  A water moccasin (D:5)
  A phantom (D:5)
  An electric eel (D:7)
  A gnoll (D:5)
  An adder (D:2)
  A nameless horror (D:7)
  An endoplasm (D:1)
  A hobgoblin (D:1)
  A jackal (D:5)
  A quokka (D:2)
  2 frilled lizards
  A kobold (D:4)
13 creatures vanquished.

Vanquished Creatures (collateral kills)
  A wraith (D:10)
  A vampire (D:10)
  Sigmund (D:5)
  Edmund (D:5)
  2 water moccasins
  An orc warrior (D:7)
  An ice beast (D:6)
  2 sky beasts
  An ogre (D:6)
  3 phantoms
  A kobold brigand (D:4)
  2 bullfrogs
  2 necrophages
  A scorpion (D:4)
  3 wights (D:6)
  4 howler monkeys
  3 orc priests
  A hound (D:5)
  3 iguanas
  4 orc wizards
  Robin (D:4)
  3 gnolls
  13 adders
  2 shadow imps
  An ufetubus (D:5)
  2 worms
  2 dart slugs
  23 orcs
  14 ball pythons
  6 bats
  10 endoplasms
  5 giant cockroaches
  10 goblins
  9 hobgoblins
  2 jackals (D:5)
  18 kobolds
  3 quokkas
  2 frilled lizards (D:3)
  8 rats
172 creatures vanquished.

Vanquished Creatures (others)
  A steam dragon (D:7)
  A scorpion (D:4)
  A hound (D:5)
  A gnoll bouda (D:5)
  2 iguanas
  An adder (D:5)
  An orc (D:5)
  An endoplasm (D:4)
9 creatures vanquished.

Grand Total: 194 creatures vanquished

Notes
Turn   | Place    | Note
-------+----------+-------------------------------------------
     0 | D:1      | arthad the Felid Summoner began the quest for the Orb.
     0 | D:1      | Reached XP level 1. HP: 7/7 MP: 4/4
   206 | D:1      | Reached XP level 2. HP: 11/11 MP: 1/6
   267 | D:1      | Found Boqi's Magic Scroll Emporium.
   486 | D:1      | Learned a level 2 spell: Call Imp
   564 | D:1      | Reached skill level 5 in Summonings
   579 | D:1      | Reached XP level 3. HP: 12/14 MP: 3/7
   583 | D:1      | Learned a level 3 spell: Call Canine Familiar
  1287 | D:2      | Reached XP level 4. HP: 18/18 MP: 5/8
  1291 | D:2      | Noticed a necrophage
  1304 | D:2      | Killed a necrophage
  1305 | D:2      | Reached skill level 1 in Hexes
  1345 | D:2      | Found a bloodstained altar of Trog.
  1465 | D:2      | Reached XP level 5. HP: 21/21 MP: 6/9
  1984 | D:3      | Reached skill level 1 in Air Magic
  2901 | D:3      | Reached skill level 1 in Fighting
  3075 | D:3      | Reached skill level 1 in Unarmed Combat
  3757 | D:4      | Learned a level 3 spell: Summon Guardian Golem
  3868 | D:4      | Gained mutation: You are covered in thick fur. (AC +2)
                  | [Felid growth]
  3868 | D:4      | Reached XP level 6. HP: 25/25 MP: 10/10
  3910 | D:4      | Reached skill level 6 in Summonings
  4030 | D:4      | Noticed Robin
  4376 | D:4      | Reached XP level 7. HP: 23/28 MP: 8/12
  5335 | D:4      | Killed Robin
  5444 | D:5      | Entered Level 5 of the Dungeon
  5447 | D:5      | Found a staircase to the Ecumenical Temple.
  5456 | Temple   | Entered the Ecumenical Temple
  5909 | D:5      | Noticed Edmund
  5935 | D:5      | Killed Edmund
  5950 | D:4      | Reached XP level 8. HP: 29/33 MP: 1/14
  5955 | D:4      | Learned a level 4 spell: Summon Lightning Spire
  6120 | D:5      | Reached skill level 5 in Hexes
  6613 | D:5      | Noticed Sigmund
  6632 | D:5      | Killed Sigmund
  6633 | D:5      | Reached skill level 7 in Summonings
  6787 | D:5      | Reached skill level 5 in Dodging
  7494 | D:6      | Reached skill level 1 in Necromancy
  7538 | D:6      | Reached XP level 9. HP: 37/37 MP: 15/17
  7673 | D:6      | Reached skill level 5 in Spellcasting
  8184 | D:7      | Killed from afar by an orc priest
  8185 | D:7      | Reached XP level 8. HP: -6/34 MP: 5/16
  8203 | D:7      | Found a snail-covered altar of Cheibriados.
  8205 | D:7      | Found a shimmering blue altar of Sif Muna.
  8241 | D:7      | Killed from afar by a steam dragon
  8242 | D:7      | Reached XP level 7. HP: -5/31 MP: 3/15
  8737 | D:7      | Reached XP level 8. HP: 31/34 MP: 3/17
  8876 | D:7      | Found a sparkling altar of Nemelex Xobeh.
  8926 | D:7      | Reached skill level 8 in Summonings
  9006 | D:7      | You fall into a shaft and drop 3 floors!
  9006 | D:10     | Entered Level 10 of the Dungeon
  9022 | D:10     | Reached skill level 5 in Air Magic
  9116 | D:10     | Noticed a centaur warrior
  9128 | D:10     | Shot with an arrow by a centaur warrior

Illustrated notes

Levels and vault maps discovered:
D:1:      amcnicky_arrival_blooded_trapdoor, layout_loops_ring, serial_shops,
          shop_scrolls
D:2:      layout_rooms, basic_altar
D:3:      minmay_razor_zed, layout_basic, hangedman_abyss_or_decor_lesser_grid
D:4:      cheibrodos_thug_alley, layout_basic, minmay_vboxes, uniq_robin
D:5:      layout_loops_ring, minmay_temple_entry_drinking_statues,
          nrook_pool_corridor, kennysheep_donut, uniq_edmund, uniq_sigmund
D:6:      layout_loops_cross
D:7:      layout_basic, lemuel_doored_altar, grunt_temple_overflow_open,
          mainiacjoe_overflow_six_doors_small, minmay_crystal_water,
          serial_park_tiny_1, minmay_misc_feat_nine_boxes,
          kennysheep_generic_room_14
D:10:     layout_roguey [special_room_orc], nicolae_qazlal_style_of_elements,
          hiddenorc1_lemuel, grunt_ministairs_14, grunt_tough_drop
Temple:   hellmonk_temple_forest_ring

Skill      XL: |  1  2  3  4  5  6  7  8  9 |
---------------+----------------------------+-----
Summonings     | 5 6 8 |  8.2
Hexes          | 1 2 3 4 5 |  5.0
Air Magic      | 1 2 5 |  5.1
Dodging        | 3 4 6 |  6.1
Fighting       | 1 2 3 |  3.8
Unarmed Combat | 1 2 3 |  3.9
Spellcasting   | 3 4 5 |  5.6
Necromancy     | 2 1 |  2.3
Stealth        | |  2.6

Action                     |  1- 3 |  4- 6 |  7- 9 || total
---------------------------+-------+-------+-------++-------
  Melee: Unarmed           |    22 |    21 |    43 ||    86
         Punch             |     1 |       |     1 ||     2
         Bite              |       |       |     3 ||     3
   Cast: Summon Small Mamm |    37 |    23 |     6 ||    66
         Call Canine Famil |     6 |    32 |    38 ||    76
         Call Imp          |     2 |    21 |    14 ||    37
         Summon Guardian G |       |     2 |    31 ||    33
         Summon Lightning  |       |       |    16 ||    16
  Evoke: Wand              |       |       |    10 ||    10
    Use: Scroll            |       |       |     7 ||     7
         Potion            |       |       |     3 ||     3
   Stab: Sleeping          |       |     1 |       ||     1
         Distracted        |       |       |     1 ||     1
 Armour: Skin              |       |     6 |     6 ||    12
  Dodge: Dodged            |    26 |    48 |    82 ||   156

Table legend: (Time is in decaauts)
 A = Elapsed time spent in this place.
 B = Non-inter-level travel time spent in this place.
 C = Inter-level travel time spent in this place.
 D = Time resting spent in this place.
 E = Time spent auto-exploring this place.
 F = Levels seen in this place.
 G = Mean time per level.
                   A        B        C        D        E       F      G
               +--------+--------+--------+--------+--------+-----+--------+
         Total |   8192 |   7964 |    228 |    118 |   6100 |   9 |  910.2 |
       Dungeon |   8064 |   7850 |    214 |    118 |   5995 |   8 | 1008.0 |
        Temple |    127 |    113 |     14 |      0 |    105 |   1 |  127.0 |
               +--------+--------+--------+--------+--------+-----+--------+

Top non-repeatable levels by time:
     D:4: 1910 daAuts
     D:3: 1603 daAuts
     D:5: 1040 daAuts
     D:1: 982 daAuts
     D:6: 839 daAuts
     D:7: 788 daAuts
     D:2: 784 daAuts
  Temple: 127 daAuts
    D:10: 114 daAuts
